AoeStats
← juanno96

Migration

509773765Analyzed
1v1 RM · 6d ago on Sep 28, 2026· 46m 55s· 2 players
Game mode
Random Map
Map size
132×132
Population
200
Speed
Normal
Resources
Standard
Victory
Conquest
Starting age
Dark Age
Ending age
Imperial Age
RankedLock teamsTeams togetherTeam positionsShared explorationLock speedFull tech treeHidden civsTurbo modeCheats
Victory
Defeat
🇦🇷 Maya · Argentina
684
+13
🇺🇸 Armenians · United States
624
-13
AnarchistOwl
0:37 Loom
14:31 Feudal Age
14:41 Man-at-Arms
18:42 Wheelbarrow
18:47 Long Swordsman
19:14 Arson
20:55 Town Watch
22:05 Scale Mail Armor
24:19 Fletching
25:11 Forging
29:08 Castle Age
28:40 Stone Mining
29:38 Scale Barding Armor
29:58 Bloodlines
33:14 Double-Bit Axe
34:39 Husbandry
35:04 Hand Cart
35:53 Bow Saw
38:53 Chain Barding Armor
40:24 Iron Casting
40:04 Gold Mining
41:12 Horse Collar
42:11 Heavy Plow
48:12 Imperial Age
46:52 Bodkin Arrow
juanno96
10:27 Feudal Age
10:25 Loom
11:09 Fishing Lines
12:02 Double-Bit Axe
14:01 Wheelbarrow
13:13 Town Watch
16:26 Horse Collar
23:14 Castle Age
21:04 Loom
21:15 Gold Mining
21:15 Stone Mining
21:15 Arson
21:51 Man-at-Arms
24:01 Crossbowman
27:40 Eagle Warrior
29:22 Medium Warships
29:03 Gillnets
33:04 Fervor
33:03 Squires
32:54 Treadmill Crane
38:29 Thumb Ring
38:56 Ballistics
38:54 Heavy Plow
41:40 Imperial Age
39:26 Hand Cart
39:49 Forging
39:40 Scale Mail Armor
40:24 Hand Cart
40:34 Demolition Ship
41:47 Sanctity
43:29 Chemistry
42:09 Capped Ram
44:02 Heavy Warships
44:17 Conscription
46:04 Holcans
Connection lost

Rejoining the realm…

Still unreachable

The connection could not be restored.

Session expired

The server has moved on; the page needs a fresh start.